 Dungeon Crawl Stone Soup version 0.30-a0-748-ge6a52f7cba (webtiles) character file.

Game seed: 6684298265156381284

99 Dittersdorf the Covered (level 4, -2/29 HPs)
             Began as a Gargoyle Fighter on Feb 8, 2023.
             Killed from afar by an orc wizard (4 damage)
             ... with a puff of flame
             ... on level 3 of the Dungeon.
             The game lasted 00:02:33 (1800 turns).

Dittersdorf the Covered (Gargoyle Fighter)          Turns: 1800, Time: 00:02:33

Health: -2/29      AC: 12    Str: 24    XL:     4   Next: 72%
Magic:  3/4        EV:  9    Int:  9    God:
Gold:   178        SH:  0    Dex:  9    Spells: 3/3 levels left

rFire   . . .      SeeInvis .    a - +0 flail
rCold   . . .      Faith    .    c - +0 buckler
rNeg    + . .      Spirit   .    m - +1 scale mail of Niurgh {Str+3}
rPois   ∞          Reflect  .    (no helmet)
rElec   +          Harm     .    (no cloak)
rCorr   .          Rampage  .    g - +0 pair of gloves
Will    .....                    (no boots) Stlth
                                 (no amulet)
HPRegen 0.24/turn                (no ring)
MPRegen 0.09/turn                (no ring)

@: confused
A: sickness immunity, AC +3, negative energy resistance 1, electricity
resistance, torment resistance 1, petrification resistance
a: no special abilities


You were on level 3 of the Dungeon.
You visited 1 branch of the dungeon, and saw 3 of its levels.

You collected 178 gold pieces.

Inventory:

Hand Weapons
 a - a +0 flail (weapon)
Armour
 c - a +0 buckler (worn)
 g - a +0 pair of gloves (worn)
 m - the +1 scale mail of Niurgh (worn) {Str+3}
   (You found it on level 3 of the Dungeon)

   Str:       It affects your strength (+3).
Scrolls
 h - 4 scrolls of identify {unknown}
 j - a scroll of torment {unknown}
 k - a scroll of vulnerability {unknown}
 l - a scroll of blinking {unknown}
Potions
 b - 3 potions of berserk rage {unknown}
 d - a potion of might
 f - 2 potions of attraction {unknown}
 i - a potion of brilliance {unknown}


   Skills:
 + Level 4.0 Fighting
 + Level 2.9 Maces & Flails
 + Level 4.1 Armour
 + Level 4.0 Shields


You had 3 spell levels left.
You didn't know any spells.
Your spell library contained the following spells:

 Spells                   Type           Power      Damage    Failure   Level
 Inner Flame              Hex/Fire       0%         N/A       98%         3
 Animate Dead             Necr           0%         N/A       100%        4
 Cause Fear               Hex            0%         N/A       100%        4
 Borgnjor's Vile Clutch   Necr/Erth      0%         N/A       100%        5
 Death Channel            Necr           0%         N/A       100%        6
 Discord                  Hex            0%         N/A       100%        8


Dungeon Overview and Level Annotations

Branches:
Dungeon (3/15)

Altars:

Shops:
D:2 *((?[


Innate Abilities, Weirdness & Mutations

You are immune to sickness and miasma.
Your stone body is resilient. (AC +3)
You are immune to poison.
You resist negative energy. (rN+)
You are resistant to electric shocks. (rElec)
You are resistant to unholy torment.
You are immune to petrification.


Message History

You are too confused!
You are too confused!
You are too confused!
You are too confused!
You are too confused!
You are too confused!
You are too confused!
You are too confused!
You are too confused!
You are too confused!
You bump into the rock wall.
The orc wizard hits you with a +0 dagger.
You hear some strange, mumbled words.
You are more confused.
The orc completely misses you.
You bump into the rock wall.
The orc wizard gestures at you while chanting.
You are more confused.
The orc hits you with a +2 antimagic short sword.
Something hits you but does no damage.
You bump into the rock wall.
The orc wizard casts a spell.
The orc wizard flickers and vanishes!
Something hits you.
* * * LOW HITPOINT WARNING * * *
The orc hits you with a +2 antimagic short sword.
* * * LOW HITPOINT WARNING * * *
You feel your power leaking away.
You bump into the rock wall.
Something hits you but does no damage. The orc closely misses you.
Something hits you but does no damage.
You sock the orc!
You kill the orc!
You hear some strange, mumbled words.
A magic dart appears from out of thin air!
The magic dart hits you but does no damage.
Something hits you.
* * * LOW HITPOINT WARNING * * *
You hear some strange, mumbled words.
A puff of flame appears from out of thin air!
The puff of flame hits you.
You die...

##.###.# #.. ....##.#
#.# ###..##.# #.#
#....##.. #.# #....####
... #....#### ..#####.#
#........ ......{{#
###........ #@#
.##.......... #)#
...###+###....
#######.#+#..# #.# #..##
.............###.###.##
..............##.#...#
..............>....#####
.............<..........
...................#####
........................


There were no monsters in sight!

Vanquished Creatures
  2 adders (D:2)
  4 worms (D:2)
  5 dart slugs
  2 orcs (D:3)
  6 endoplasms
  4 giant cockroaches
  6 hobgoblins
  3 kobolds (D:2)
  3 quokkas
  2 ball pythons
  8 bats
  A frilled lizard (D:1)
  6 goblins
  7 rats
59 creatures vanquished.

Notes
Turn   | Place    | Note
-------+----------+-------------------------------------------
     0 | D:1      | Dittersdorf the Gargoyle Fighter began the quest for the
                  | Orb.
     0 | D:1      | Reached XP level 1. HP: 14/14 MP: 1/1
   147 | D:1      | Reached XP level 2. HP: 19/19 MP: 2/2
   624 | D:2      | Reached XP level 3. HP: 19/23 MP: 3/3
   751 | D:2      | Found Wovos's Magic Scroll Shop.
   754 | D:2      | Found Fattocorph's Antique Weapon Boutique.
   937 | D:2      | Reached XP level 4. HP: 29/29 MP: 4/4
  1061 | D:2      | Found Gifu's General Store.
  1079 | D:2      | Found Wecam's Antique Weapon Shoppe.
  1209 | D:2      | Found Wioczejo's Armour Emporium.
  1597 | D:3      | Identified the +1 scale mail of Niurgh {Str+3}
  1800 | D:3      | Killed from afar by an orc wizard

Illustrated notes

Levels and vault maps discovered:
D:1:      dpeg_arrival_shelter, layout_loops_cross
D:2:      layout_basic, serial_shops, nicolae_lakefront_shop,
          nicolae_shop_trees, shop, shop, nicolae_shop_statue_plus,
          minmay_joined_circles
D:3:      layout_basic, grunt_ministairs_14, kennysheep_generic_room_14

Skill      XL: |  1  2  3  4 |
---------------+-------------+-----
Armour         | 4 |  4.1
Fighting       | 4 |  4.0
Shields        | 4 |  4.0
Maces & Flails | |  2.9

Action                     |  1- 3 |  4- 6 || total
---------------------------+-------+-------++-------
  Melee: Flail             |   162 |    74 ||   236
 Armour: Scale mail        |    13 |    13 ||    26
         Acid dragon scale |   123 |    23 ||   146
  Dodge: Dodged            |   157 |    34 ||   191
  Block: Buckler           |    38 |    14 ||    52

Table legend: (Time is in decaauts)
 A = Elapsed time spent in this place.
 B = Non-inter-level travel time spent in this place.
 C = Inter-level travel time spent in this place.
 D = Time resting spent in this place.
 E = Time spent auto-exploring this place.
 F = Levels seen in this place.
 G = Mean time per level.
                   A        B        C        D        E       F      G
               +--------+--------+--------+--------+--------+-----+--------+
         Total |   1873 |   1772 |    101 |      9 |   1260 |   3 |  624.3 |
       Dungeon |   1873 |   1772 |    101 |      9 |   1260 |   3 |  624.3 |
               +--------+--------+--------+--------+--------+-----+--------+

Top non-repeatable levels by time:
     D:2: 973 daAuts
     D:1: 638 daAuts
     D:3: 261 daAuts
